 Dungeon Crawl Stone Soup version 0.31-a0-150-g89dc3ad700 (webtiles) character file.

Game seed: 17536572879681260327

3172 qw the Skirmisher (level 9, 0/62 HPs)
             Began as a Gargoyle Hunter on June 8, 2023.
             Was a Follower of Okawaru.
             Slain by a yak (1 damage)
             ... on level 8 of the Dungeon.
             The game lasted 00:02:59 (6331 turns).

qw the Skirmisher (Gargoyle Hunter)                 Turns: 6331, Time: 00:03:00

Health: 0/62       AC: 19    Str: 19    XL:     9   Next: 94%
Magic:  12/12      EV: 12    Int:  9    God:    Okawaru [*.....]
Gold:   244        SH:  0    Dex: 16    Spells: 8/8 levels left

rFire   . . .        g - +0 arbalest
rCold   . . .        (shield currently unavailable)
rNeg    + + .        b - +0 ring mail
rPois   inf          l - +0 helmet
rElec   +            c - +0 cloak
rCorr   .            o - +2 pair of gloves
SInv    .            h - +0 pair of boots
Will    .....        (no amulet)
Stlth   +            k - ring of positive energy
HPRegen 0.30/turn    (no ring)
MPRegen 0.13/turn

%: no passive effects
@: about to teleport
A: sickness immunity, AC +6, negative energy resistance 1, electricity
resistance, torment resistance 1, petrification resistance, talons 1, robust 1,
screaming 1, strong 1, teleportitis 1
a: Renounce Religion, Heroism


You were on level 8 of the Dungeon.
You worshipped Okawaru.
Okawaru was aware of your devotion.
You visited 2 branches of the dungeon, and saw 9 of its levels.
You also visited: Ossuary.

You collected 540 gold pieces.
You spent 296 gold pieces at shops.


Innate Abilities, Weirdness & Mutations

You are immune to sickness and miasma.
Your stone body is resilient. (AC +6)
You are immune to poison.
You resist negative energy. (rN+)
You are resistant to electric shocks. (rElec)
You are resistant to unholy torment.
You are immune to petrification.
You have sharp toenails.
You are robust. (+10% HP)
You occasionally shout uncontrollably at your foes.
Your muscles are strong. (Str +4, Int/Dex -1)
You are occasionally teleported next to monsters.


   Skills:
 - Level 7.2 Fighting
 - Level 11.0 Ranged Weapons
 - Level 4.2 Armour
 + Level 2.8 Dodging
 - Level 1.1 Stealth
 - Level 4.0 Invocations


You had 8 spell levels left.
You didn't know any spells.
Your spell library was empty.

Inventory:

Hand Weapons
 g - a +0 arbalest (weapon)
 m - a +3 antimagic hand crossbow
 Y - a +0 shortbow of flaming
Armour
 b - a +0 ring mail (worn)
 c - a +0 cloak (worn)
 h - a +0 pair of boots (worn)
 l - a +0 helmet (worn)
 o - a +2 pair of gloves (worn)
Jewellery
 k - a ring of positive energy (left hand)
Scrolls
 i - 14 scrolls of identify
 j - 2 scrolls of teleportation
Potions
 a - 2 potions of cancellation
 d - 3 potions of heal wounds
 e - 2 potions of curing
 f - 2 potions of might
 n - a potion of haste

Dungeon Overview and Level Annotations

Branches:
Dungeon (8/15)             Temple (1/1) D:5            Lair (0/5) D:8
Ossuary (visited)

Altars:
Ashenzari
Cheibriados
Dithmenos
Elyvilon
Fedhas
Hepliaklqana
Kikubaaqudgha
Makhleb
Okawaru
Qazlal
Ru
Trog
Uskayaw
Vehumet
Wu Jian
Xom
Yredelemnul
Zin
The Shining One

Shops:
D:4 ?   D:5 [

Portals:
Bailey: D:8

Annotations:
D:3 1 runed translucent door, qw's ghost, weakling MiHu


Message History

The yak is moderately wounded.
The yak gores you. The yak closely misses you.
An orc comes into view. It is wielding a +0 dagger.
The yak barely misses you.
You shoot a bolt. The orc shouts!
The bolt hits the yak but does no damage.
The yak is moderately wounded.
The yak closely misses you.
You shoot a bolt. The bolt hits the yak!!
The yak is almost dead.
The yak closely misses you. The yak gores you but does no damage.
You shoot a bolt. The bolt hits the yak!
You kill the yak!
Okawaru accepts your kill.
You can now gain great but temporary skills.
The yak barely misses you. The yak gores you but does no damage.
The yak barely misses you. The yak gores you but does no damage.
An orc comes into view. It is wielding a +0 hand axe.
Your base Ranged Weapons skill increases to level 11!
You shoot a bolt. The bolt hits the yak!!
You kill the yak!
Okawaru accepts your kill.
The yak gores you but does no damage. x2; The yak misses you.
The yak gores you!
You shoot a bolt. The bolt hits the yak!
The yak is moderately wounded.
The yak gores you! The yak misses you.
The yak gores you but does no damage. x2
The yak barely misses you.
You shoot a bolt. The bolt hits the yak!
The yak is heavily wounded.
You feel like a meek peon again. The yak completely misses you.
The yak gores you but does no damage. x3
The yak gores you! The yak gores you. The yak misses you. The yak gores you!
The yak gores you but does no damage. The yak barely misses you.
The yak gores you but does no damage. The yak closely misses you.
6331 ||| READING 3 scrolls of teleportation.
As you read the scroll of teleportation, it crumbles to dust.
You feel strangely unstable. The yak gores you.
You die...

.#..)##......##
.#..........######.. ..
###.........<......# ...
###..........>.....##...
.......##..##.#####.....
...#..###..##.###.....).
.###..##...##.##........
###..#####..#.##YY)..)..
###..# ##.....#@Yoo....
.###.# #..#...YYY).....
.##### ##.##...........
..## ####.....######
#..## ##....# ##..##
#....# ##..## ##....##
##..## ##......## ##..##
##...##...##


You could see 6 yaks and 2 orcs.

Vanquished Creatures
  A wyvern (D:7)
  A wraith (D:7)
  Eustachio (D:5)
  2 yaks (D:8)
  2 wargs (D:8)
  A water moccasin (D:6)
  2 orc warriors
  A sky beast (D:8)
  An ice beast (D:6)
  An ogre (D:3)
  A centaur (D:6)
  A kobold brigand (D:8)
  2 phantoms (D:5)
  A bullfrog (D:7)
  A gnoll sergeant (D:7)
  2 scorpions (D:5)
  A wight (Ossuary)
  A water moccasin zombie (Ossuary)
  2 centaur zombies (Ossuary)
  5 orc priests
  2 jellies (D:6)
  A hound (D:4)
  2 iguanas (D:6)
  4 scorpion zombies (Ossuary)
  9 orc wizards
  2 ogre zombies (Ossuary)
  5 gnolls (D:7)
  7 adders
  2 white imps (D:7)
  2 adder zombies (Ossuary)
  2 worms (D:2)
  9 dart slugs
  36 orcs
  12 ball pythons
  A bat (D:3)
  6 endoplasms
  4 giant cockroaches
  14 hobgoblins
  7 quokkas
  5 frilled lizards
  4 gnoll zombies (Ossuary)
  4 goblins
  4 goblin zombies (Ossuary)
  A hobgoblin zombie (Ossuary)
  15 kobolds
  4 orc zombies (Ossuary)
  5 rats
199 creatures vanquished.

Notes
Turn   | Place    | Note
-------+----------+-------------------------------------------
     0 | D:1      | qw the Gargoyle Hunter began the quest for the Orb.
     0 | D:1      | Reached XP level 1. HP: 12/12 MP: 1/1
     0 | D:1      | 0 ||| qw: Version: 0.2-a-119-g7aa9181
     0 | D:1      | 0 ||| qw: Game counter: 2894
     0 | D:1      | 0 ||| qw: Always use a shield: true
     0 | D:1      | 0 ||| qw: God list: Okawaru
     0 | D:1      | 0 ||| qw: Allow faded altars: false
     0 | D:1      | 0 ||| qw: Do Orc after D:15 true
     0 | D:1      | 0 ||| qw: Do second Lair branch before Depths: true
     0 | D:1      | 0 ||| qw: Lair rune preference: random
     0 | D:1      | 0 ||| qw: Plans: Normal
     0 | D:1      | 0 ||| PLANNING D:1-11
   107 | D:1      | Reached XP level 2. HP: 17/17 MP: 2/2
   296 | D:1      | Found a faded altar of an unknown god.
   571 | D:1      | Reached XP level 3. HP: 21/21 MP: 3/3
   632 | D:1      | Reached skill level 5 in Ranged Weapons
   971 | D:1      | 971 ||| READING scroll labelled WOG ELAUJOB.
   972 | D:1      | 972 ||| READING scroll labelled HIVVURHOSU.
   973 | D:1      | 973 ||| DROPPING scroll of butterflies.
  1111 | D:2      | 1111 ||| FLEEEEING.
  1112 | D:2      | 1112 ||| FLEEEEING.
  1121 | D:2      | Reached skill level 3 in Fighting
  1181 | D:2      | Found a broken altar of Ashenzari.
  1227 | D:2      | Reached XP level 4. HP: 28/28 MP: 4/4
  1340 | D:2      | Identified the +8 falchion "Nileycso" {flame, Int+6}
  1679 | D:2      | 1679 ||| UPGRADING to +0 ring mail.
  1689 | D:2      | 1689 ||| DROPPING +0 leather armour.
  1690 | D:2      | 1690 ||| READING scroll labelled FUOKAKAMA.
  1831 | D:3      | Reached skill level 1 in Armour
  1894 | D:3      | Identified the +8 sling "Kovvaraefe" {drain, Contam rF+
                  | rCorr Int+4}
  1896 | D:3      | 1896 ||| SWAPPING to +8 sling "Kovvaraefe" {drain, Contam
                  | rF+ rCorr Int+4}.
  1897 | D:3      | 1897 ||| DROPPING +0 shortbow.
  1902 | D:3      | You fall into a shaft and drop 1 floor!
  1904 | D:4      | 1904 ||| PLANNING OSSUARY
  1921 | D:4      | Found a stormy altar of Qazlal.
  1921 | D:4      | Found a hazy altar of Hepliaklqana.
  2014 | D:4      | Reached skill level 6 in Ranged Weapons
  2014 | D:4      | Reached XP level 5. HP: 29/32 MP: 5/5
  2032 | D:4      | Identified the +6 quarterstaff of Nemelex Xobeh, Chewing
                  | {heavy, Will+ Dex+2}
  2041 | D:4      | Found Jomag's Magic Scroll Boutique.
  2050 | D:4      | 2050 ||| BUYING scroll of identify (22 gold).
  2050 | D:4      | Bought a scroll of identify for 22 gold pieces
  2050 | D:4      | 2050 ||| BUYING scroll of identify (22 gold).
  2050 | D:4      | Bought a scroll of identify for 22 gold pieces
  2050 | D:4      | 2050 ||| BUYING scroll of identify (22 gold).
  2050 | D:4      | Bought a scroll of identify for 22 gold pieces
  2147 | D:4      | Found a sand-covered staircase.
  2148 | D:4      | 2148 ||| UPGRADING to +0 cloak.
  2153 | D:4      | 2153 ||| UPGRADING to +0 pair of gloves.
  2158 | D:4      | 2158 ||| DROPPING ring of flight.
  2159 | D:4      | 2159 ||| READING scroll labelled CIGIJE YPPIT.
  2160 | D:4      | 2160 ||| READING scroll labelled VIRIGI BORASK.
  2161 | D:4      | 2161 ||| DRINKING 3 bubbling coppery potions.
  2162 | D:4      | 2162 ||| READING 6 scrolls of identify.
  2162 | D:4      | 2162 ||| IDENTIFYING lumpy brown potion
  2163 | D:4      | 2163 ||| READING 5 scrolls of identify.
  2163 | D:4      | 2163 ||| IDENTIFYING amethyst potion
  2164 | D:4      | 2164 ||| READING 4 scrolls of identify.
  2164 | D:4      | 2164 ||| IDENTIFYING fuming grey potion
  2165 | D:4      | 2165 ||| READING 3 scrolls of identify.
  2165 | D:4      | 2165 ||| IDENTIFYING golden potion
  2166 | D:4      | 2166 ||| DROPPING potion of enlightenment.
  2175 | Ossuary  | Entered an ossuary
  2247 | Ossuary  | Reached XP level 6. HP: 39/39 MP: 6/6
  2397 | Ossuary  | Reached skill level 7 in Ranged Weapons
  2417 | Ossuary  | Reached XP level 7. HP: 43/44 MP: 7/7
  2421 | Ossuary  | Noticed a silent spectre
  2454 | Ossuary  | 2454 ||| DRINKING 2 fuming orange potions.
  2455 | Ossuary  | 2455 ||| DRINKING 2 green potions.
  2455 | Ossuary  | Gained mutation: Potions are less effective at restoring
                  | your health. [potion of mutation]
  2455 | Ossuary  | Gained mutation: You are clumsy. (Dex -2) [potion of
                  | mutation]
  2456 | Ossuary  | 2456 ||| DRINKING potion of mutation.
  2456 | Ossuary  | Lost mutation: Potions are less effective at restoring your
                  | health. [potion of mutation]
  2456 | Ossuary  | Lost mutation: You are clumsy. (Dex -2) [potion of
                  | mutation]
  2456 | Ossuary  | Gained mutation: You occasionally shout uncontrollably at
                  | your foes. [potion of mutation]
  2456 | Ossuary  | Gained mutation: You have sharp toenails. [potion of
                  | mutation]
  2456 | Ossuary  | Gained mutation: You are robust. (+10% HP) [potion of
                  | mutation]
  2456 | Ossuary  | Gained mutation: Your muscles are strong. (Str +4, Int/Dex
                  | -1) [potion of mutation]
  2468 | Ossuary  | 2468 ||| DRINKING 2 viscous pink potions.
  2572 | Ossuary  | 2572 ||| DROPPING potion of magic.
  2573 | Ossuary  | 2573 ||| DROPPING potion of berserk rage.
  2578 | D:4      | 2578 ||| PLANNING D:1-11
  2578 | D:4      | 2578 ||| READING scroll labelled FIYMMAEQO.
  2579 | D:4      | 2579 ||| READING scroll labelled OVABATE XAOGEM.
  2580 | D:4      | 2580 ||| READING 7 scrolls of identify.
  2580 | D:4      | 2580 ||| IDENTIFYING emerald potion
  2816 | D:3      | Noticed qw's ghost (weakling MiHu)
  2822 | D:3      | 2822 ||| READING scroll labelled LOOPRESAPS.
  2824 | D:3      | 2824 ||| FLEEEEING.
  2825 | D:3      | 2825 ||| FLEEEEING.
  2826 | D:3      | 2826 ||| FLEEEEING.
  2873 | D:3      | Found a runed translucent door.
  2881 | D:3      | Found a basalt altar of Yredelemnul.
  2985 | D:3      | 2985 ||| READING scroll labelled CAUCKU SUKI.
  3360 | D:4      | 3360 ||| READING scroll labelled UXTUNK JISEAFI.
  3360 | D:4      | Identified a scroll of acquirement
  3360 | D:4      | 3360 ||| ACQUIRING +2 antimagic hand crossbow
  3360 | D:4      | Acquired a +2 antimagic hand crossbow
  3362 | D:4      | 3362 ||| SWAPPING to +2 antimagic hand crossbow.
  3363 | D:4      | 3363 ||| DROPPING +8 sling "Kovvaraefe" {drain, Contam rF+
                  | rCorr Int+4}.
  3364 | D:4      | 3364 ||| READING scroll of enchant weapon.
  3364 | D:4      | 3364 ||| ENCHANTING +2 antimagic hand crossbow.
  3380 | D:4      | Gained mutation: You are occasionally teleported next to
                  | monsters. [mutagenic glow]
  3397 | D:5      | Entered Level 5 of the Dungeon
  3515 | D:5      | Reached skill level 8 in Ranged Weapons
  3708 | D:5      | Found a staircase to the Ecumenical Temple.
  3709 | D:5      | 3709 ||| PLANNING TEMPLE
  3740 | D:5      | Reached XP level 8. HP: 53/53 MP: 2/8
  3749 | D:5      | 3749 ||| UPGRADING to +0 helmet.
  3754 | D:5      | 3754 ||| UPGRADING to ring of positive energy.
  3755 | D:5      | 3755 ||| READING scroll labelled FAGAPA UPRIVAKK.
  3770 | Temple   | Entered the Ecumenical Temple
  3771 | Temple   | 3771 ||| PLANNING OKAWARU WORSHIP
  3778 | Temple   | Became a worshipper of Warmaster Okawaru
  3778 | Temple   | 3778 ||| PLANNING D:1-11
  4073 | D:5      | Noticed Eustachio
  4096 | D:5      | Killed Eustachio
  4097 | D:5      | Reached skill level 9 in Ranged Weapons
  4331 | D:5      | Found Peus's Armour Emporium.
  4337 | D:5      | 4337 ||| BUYING +0 pair of boots (49 gold).
  4337 | D:5      | Bought a +0 pair of boots for 49 gold pieces
  4337 | D:5      | 4337 ||| BUYING +2 pair of gloves (181 gold).
  4337 | D:5      | Bought a +2 pair of gloves for 181 gold pieces
  4337 | D:5      | 4337 ||| UPGRADING to +0 pair of boots.
  4342 | D:5      | 4342 ||| UPGRADING to +2 pair of gloves.
  4352 | D:5      | 4352 ||| DROPPING +0 pair of gloves.
  4353 | D:5      | 4353 ||| READING scroll labelled YHAF ZOGAETESE.
  4368 | D:6      | Reached skill level 3 in Armour
  4386 | D:6      | Reached * piety under Okawaru
  4389 | D:6      | Reached skill level 6 in Fighting
  4389 | D:6      | Reached skill level 1 in Invocations
  4424 | D:6      | 4424 ||| INVOKING Heroism.
  4499 | D:6      | 4499 ||| SWAPPING to +0 shortbow.
  4652 | D:6      | Found a burning altar of Makhleb.
  4652 | D:6      | Noticed a green death
  4655 | D:6      | Noticed a smoke demon
  4655 | D:6      | Noticed a smoke demon
  4913 | D:6      | 4913 ||| INVOKING Heroism.
  4941 | D:6      | 4941 ||| DROPPING +6 ring of intelligence.
  4942 | D:6      | 4942 ||| READING scroll labelled VUEVEY ORUODE.
  4943 | D:6      | 4943 ||| READING 12 scrolls of identify.
  4943 | D:6      | 4943 ||| IDENTIFYING fizzy yellow potion
  4944 | D:6      | 4944 ||| DROPPING potion of attraction.
  5045 | D:7      | 5045 ||| INVOKING Heroism.
  5061 | D:7      | Reached skill level 3 in Invocations
  5061 | D:7      | Reached XP level 9. HP: 38/60 MP: 8/11
  5062 | D:7      | 5062 ||| INVOKING Heroism.
  5153 | D:7      | 5153 ||| DRINKING 3 potions of curing.
  5153 | D:7      | 5153 ||| (to cure confusion)
  5154 | D:7      | 5154 ||| INVOKING Heroism.
  5265 | D:7      | 5265 ||| INVOKING Heroism.
  5271 | D:7      | Reached skill level 10 in Ranged Weapons
  5433 | D:7      | 5433 ||| INVOKING Heroism.
  5737 | D:7      | 5737 ||| READING scroll of brand weapon.
  5737 | D:7      | 5737 ||| BRANDING +0 shortbow.
  6015 | D:8      | 6015 ||| INVOKING Heroism.
  6034 | D:8      | 6034 ||| INVOKING Heroism.
  6066 | D:8      | 6066 ||| INVOKING Heroism.
  6073 | D:8      | 6073 ||| Stepping ~*~*~tactically~*~*~ (outnumbered).
  6073 | D:8      | Found a staircase to the Lair.
  6081 | D:8      | 6081 ||| Stepping ~*~*~tactically~*~*~ (outnumbered).
  6084 | D:8      | 6084 ||| INVOKING Heroism.
  6186 | D:8      | 6186 ||| SWAPPING to +0 arbalest.
  6235 | D:8      | Found a flagged portal.
  6315 | D:8      | 6315 ||| INVOKING Heroism.
  6328 | D:8      | Reached skill level 11 in Ranged Weapons
  6330 | D:8      | HP: 13/62 [yak (10)]
  6330 | D:8      | HP: 1/62 [yak (7)]
  6331 | D:8      | 6331 ||| READING 3 scrolls of teleportation.
  6331 | D:8      | Slain by a yak

Levels and vault maps discovered:
D:1:      reono_arrival_forest_river, layout_loops_corners,
          ebering_ecumenical_altar_webs
D:2:      layout_loops_ring, basic_altar, nrook_mini_backslash
D:3:      layout_basic, mainiacjoe_overflow_tiny_flanked,
          hellmonk_ghost_happy_afterlife, st_stairs_14, minmay_starry_boxes
D:4:      layout_loops_cross, gammafunk_temple_overflow_wave, serial_shops,
          shop, enter_ossuary_1, minmay_box_of_dots
D:5:      layout_basic, temple_doors_e, serial_shops, shop, uniq_eustachio
D:6:      layout_rooms, makhleb_altar_promises_db
D:7:      layout_gridville
D:8:      layout_layer_cave, erik_lair_orcish_takeover, enter_bailey_2,
          ebering_ghost_disaster_area, kennysheep_diamond, uniq_joseph
Temple:   nicolae_temple_no_exploring_needed

Skill      XL: |  1  2  3  4  5  6  7  8  9 |
---------------+----------------------------+-----
Ranged Weapons | 5 6 7 8 9 11 | 11.0
Fighting       | 3 4 5 6 7 |  7.2
Armour         | 1 2 3 4 |  4.2
Dodging        | 2 |  2.8
Invocations    | 3 4 |  4.0
Stealth        | |  1.1

Action                     |  1- 3 |  4- 6 |  7- 9 || total
---------------------------+-------+-------+-------++-------
   Fire: Shortbow          |   126 |   102 |   219 ||   447
         Sling             |       |   124 |    35 ||   159
         Hand crossbow     |       |       |   118 ||   118
         Arbalest          |       |       |    22 ||    22
 Invoke: Heroism           |       |       |    12 ||    12
    Use: Scroll            |     2 |     7 |    13 ||    22
         Potion            |       |     1 |     5 ||     6
 Armour: Leather armour    |    19 |     2 |       ||    21
         Ring mail         |       |    72 |   150 ||   222
  Dodge: Dodged            |    15 |    74 |   199 ||   288

Table legend:
 A = Non-vault XP
 B = Vault XP
 C = Vault XP percentage of total XP
 D = Non-vault monster count
 E = Vault monster count
 F = Vault count percentage of total count
                 A         B        C        D         E       F
            +---------+---------+-------+---------+---------+-------
      Total |    3280 |    1252 |  27.6 |     154 |      45 |  22.6
            +---------+---------+-------+---------+---------+-------
        D:1 |      46 |       0 |   0.0 |      28 |       0 |   0.0
        D:2 |      64 |       0 |   0.0 |      22 |       0 |   0.0
        D:3 |     209 |      22 |   9.5 |      17 |      10 |  37.0
        D:4 |      88 |       6 |   6.4 |      14 |       2 |  12.5
        D:5 |     612 |     203 |  24.9 |      28 |       1 |   3.4
        D:6 |     603 |       0 |   0.0 |      11 |       0 |   0.0
        D:7 |     909 |       0 |   0.0 |      21 |       0 |   0.0
        D:8 |     749 |     547 |  42.2 |      13 |       7 |  35.0
    Ossuary |       0 |     474 | 100.0 |       0 |      25 | 100.0
            +---------+---------+-------+---------+---------+-------
